Reign vs Phantoms
(R1)
Created - December 26, 2021 at 23:16
Goals
|
| Reign |
1 |
1 |
2 |
4 |
| Phantoms |
4 |
1 |
3 |
8 |
|
Shots
|
| Reign |
14 |
8 |
17 |
39 |
| Phantoms |
11 |
10 |
11 |
32 |
|
1st period
1. Phantoms , David Kampf 1 (Erik Nystrom 2, Jake Dotchin 4) at 6:00
2. Phantoms , Sven Andrighetto 2 (Blake Heinrich 1, Cristoval Nieves 2) at 7:35
3. Reign , Nick Schmaltz 1 (Erik Christensen 6) at 9:07 (PP)
4. Phantoms , Travis Konecny 10 (Rinat Valiev 3, Calle Jarnkrok 6) at 9:23
5. Phantoms , Travis Konecny 11 (Calle Jarnkrok 7) at 9:52 (PP)
Penalties :
Jake Dotchin (Leh) for Interference (Minor) at 3:06, Morgan Klimchuk (Leh) for Holding (Minor) at 9:04, Logan Stanley (Ont) for Diving (Minor) at 9:40
2nd period
6. Reign , Austin Czarnik 2 (Matthew Tkachuk 2) at 2:34
7. Phantoms , Travis Konecny 12 (Jake Dotchin 5, Calle Jarnkrok 8) at 9:32
Penalties :
Nick Schmaltz (Ont) for High sticking (Minor) at 2:58, Rinat Valiev (Leh) for High sticking (Minor) at 6:34, Erik Christensen (Ont) for Tripping (Minor) at 10:51, Joel Eriksson Ek (Ont) for Boarding (Minor) at 13:12, Jordan Schmaltz (Ont) for High sticking (Minor) at 17:43
3rd period
8. Phantoms , Erik Nystrom 1 (Michael Bournival 8) at 1:20 (SH)
9. Reign , Nick Schmaltz 2 (Markus Nutivaara 3, Erik Christensen 7) at 1:34 (PP)
10. Reign , Jordan Kyrou 1 (Dmitri Orlov 2, Alex Iafallo 4) at 3:30
11. Phantoms , Morgan Klimchuk 2 (Blake Heinrich 2, Lucas Wallmarkk 2) at 16:45
12. Phantoms , Calle Jarnkrok 3 (Travis Konecny 5, Jake Dotchin 6) at 16:55
Penalties :
Calle Jarnkrok (Leh) for Hooking (Minor) at 0:57, Joel Eriksson Ek (Ont) for Tripping (Minor) at 11:09, Joachim Blichfeld (Ont) for Hooking (Minor) at 13:22, Sven Andrighetto (Leh) for Cross-checking (Minor) at 19:28
Goalie Stats
Garret Sparks (Ont), 18 saves from 22 shots - (0.818), L, 1-2-0, 50:08 minutes
Carter Hart (Ont), 6 saves from 10 shots - (0.600), 9:52 minutes
Anton Forsberg (Leh), 35 saves from 39 shots - (0.897), W, 3-3-0, 60:00 minutes
Players Stats for Reign
Player Name G A P +/- PIM S H SB GA TA FO MP PP MP PK MP
------------------------------------------------------------------------------------
Alex Iafallo 0 1 1 -1 0 2 0 2 2 1 0/0 18:20 3:37 5:07
Austin Czarnik 1 0 1 -1 0 6 1 0 1 0 0/0 11:51 0:00 0:00
Charlie McAvoy 0 0 0 0 0 1 0 0 0 0 0/0 8:32 0:00 0:00
Christopher Tanev 0 0 0 -3 0 2 1 2 2 2 0/0 24:45 1:32 6:50
Dmitri Orlov 0 1 1 -1 0 0 0 1 0 0 0/0 17:50 0:00 5:16
Erik Christensen 0 2 2 -2 2 0 0 0 1 0 16/25 17:47 3:13 1:35
Filip Hronek 0 0 0 0 0 0 0 1 0 0 0/0 9:17 0:00 0:45
Jacob Josefson 0 0 0 -1 0 3 1 0 0 0 1/4 8:32 0:09 0:00
Joachim Blichfeld 0 0 0 0 2 3 0 0 0 0 0/0 8:49 0:00 0:00
Joel Eriksson Ek 0 0 0 0 4 3 1 0 0 0 6/12 12:02 0:49 1:58
Jordan Kyrou 1 0 1 -2 0 1 0 1 1 0 0/0 10:28 1:56 0:00
Jordan Schmaltz 0 0 0 -3 2 1 2 2 2 0 0/0 23:45 1:32 5:34
Josh Anderson 0 0 0 0 0 1 1 0 0 0 0/0 8:43 0:00 0:00
Kale Clague 0 0 0 0 0 0 0 0 0 0 0/0 4:28 0:00 0:00
Kyle Connor 0 0 0 -3 0 0 0 1 0 1 0/0 15:17 1:56 0:13
Logan Stanley 0 0 0 0 2 0 0 0 0 0 0/0 4:58 0:00 0:31
Markus Nutivaara 0 1 1 -2 0 5 2 2 0 0 0/0 22:15 3:37 5:16
Matthew Tkachuk 0 1 1 -1 0 2 0 1 0 1 1/1 14:27 2:39 0:00
Mike Amadio 0 0 0 -1 0 4 0 1 0 1 8/22 20:13 1:41 6:25
Nick Schmaltz 2 0 2 -2 2 5 0 1 0 0 0/1 18:08 3:04 2:23
Trent Frederic 0 0 0 -2 0 0 0 0 0 1 0/1 7:20 0:00 6:31
Players Stats for Phantoms
Player Name G A P +/- PIM S H SB GA TA FO MP PP MP PK MP
------------------------------------------------------------------------------------
Alex DeBrincat 0 0 0 1 0 2 1 0 0 0 0/0 16:22 5:29 0:00
Blake Heinrich 0 2 2 2 0 1 4 1 0 1 0/0 20:21 5:19 1:55
Calle Jarnkrok 1 3 4 1 2 4 1 1 0 0 21/40 24:13 6:22 2:33
Cristoval Nieves 0 1 1 1 0 2 0 0 2 1 7/14 16:38 5:29 0:11
David Kampf 1 0 1 1 0 2 1 1 0 1 0/0 6:18 0:00 0:00
Devon Teows 0 0 0 1 0 0 0 0 0 2 0/0 10:32 0:00 0:24
Erik Nystrom 1 1 2 2 0 3 0 0 1 0 2/3 7:51 0:00 1:25
Ivan Provorov 0 0 0 2 0 0 2 1 0 2 0/0 28:32 6:47 3:15
Jake Dotchin 0 3 3 3 2 2 0 4 0 1 0/0 28:41 6:47 2:05
JC Lipon 0 0 0 1 0 0 1 0 0 0 0/0 6:34 0:13 0:00
Lucas Wallmarkk 0 1 1 1 0 2 1 0 0 0 3/4 10:41 0:19 0:00
Michael Bournival 0 1 1 2 0 3 1 1 0 0 0/3 24:50 6:18 3:09
Mikko Lehtonen 0 0 0 0 0 0 0 0 1 0 0/0 11:44 0:00 1:50
Morgan Klimchuk 1 0 1 1 2 1 4 0 0 1 0/0 11:04 0:21 0:24
Nick Sorensen 0 0 0 1 0 1 0 0 0 0 0/0 10:01 0:00 0:00
Rinat Valiev 0 1 1 2 2 0 1 1 0 0 0/0 19:29 5:19 0:49
Sven Andrighetto 1 0 1 1 2 1 2 0 0 0 1/2 17:44 5:29 1:18
Travis Konecny 3 1 4 1 0 8 3 1 3 0 0/0 23:08 6:18 1:18
3 Stars
1 - Travis Konecny (Leh)
2 - Calle Jarnkrok (Leh)
3 - Jake Dotchin (Leh)
Power Play
Reign - 2 on 5 Attempt(s) - 40.00%
Phantoms - 1 on 7 Attempt(s) - 14.29%
Penalty Kill
Reign - 6 on 7 Attempt(s) - 85.71%
- Score 0 goal in Penalty Kill
Phantoms - 3 on 5 Attempt(s) - 60.00%
- Score 1 goal in Penalty Kill
Team Stat
Reign - Hits : 9 - Faceoff Wins : 32 - Blocked Shots : 15 - Penalty Minutes : 14
Phantoms - Hits : 22 - Faceoff Wins : 34 - Blocked Shots : 11 - Penalty Minutes : 10
Official
Referees : Kevin Pollock and Brandon Schrader
Linesman : Brian Mach and Tony Sericolo
Game Notes
Garret Sparks enters game at 9:52 of 1st period
Travis Konecny has scored a Hat Trick!
Finance
Level 1 -- Attendance: 1888 (94.40%) -- Ticket Income $66,080
Level 2 -- Attendance: 611 (61.10%) -- Ticket Income $12,220
Total Attendance: 2499 (83.30%)
Total Ticket Income: $78,300
Other Income: $3,915
Total Income: $82,215
Reign
5 vs 5 Forward
Center Left Wing Right Wing Time % Phy DF OF
1 Erik Christensen Kyle Connor Nick Schmaltz 30 1 2 2
2 Mike Amadio Matthew Tkachuk Austin Czarnik 30 1 2 2
3 Jacob Josefson Alex Iafallo Jordan Kyrou 20 1 2 2
4 Joel Eriksson Ek Joachim Blichfeld Josh Anderson 20 1 2 2
5 vs 5 Defense
Defense Defense Time % Phy DF OF
1 Christopher Tanev Jordan Schmaltz 40 1 2 2
2 Dmitri Orlov Markus Nutivaara 30 1 2 2
3 Charlie McAvoy Filip Hronek 20 1 2 2
4 Logan Stanley Kale Clague 10 1 2 2
PowerPlay Forward
Center Left Wing Right Wing Time % Phy DF OF
1 Erik Christensen Matthew Tkachuk Nick Schmaltz 60 1 2 2
2 Mike Amadio Kyle Connor Jordan Kyrou 40 1 2 2
PowerPlay Defense
Defense Defense Time % Phy DF OF
1 Alex Iafallo Markus Nutivaara 60 1 2 2
2 Christopher Tanev Jordan Schmaltz 40 1 2 2
Penalty Kill 4 Players Forward
Center Wing Time % Phy DF OF
1 Mike Amadio Trent Frederic 60 1 2 2
2 Joel Eriksson Ek Alex Iafallo 40 1 2 2
Penalty Kill 4 Players Defense
Defense Defense Time % Phy DF OF
1 Christopher Tanev Jordan Schmaltz 60 1 2 2
2 Dmitri Orlov Markus Nutivaara 40 1 2 2
Penalty Kill - 3 Players Forward
Forward Time % Phy DF OF
1 Erik Christensen 60 1 2 2
2 Mike Amadio 40 1 2 2
Penalty Kill - 3 Players Defense
Defense Defense Time % Phy DF OF
1 Christopher Tanev Jordan Schmaltz 60 1 2 2
2 Dmitri Orlov Markus Nutivaara 40 1 2 2
4 vs 4 Forward
Center Wing Time % Phy DF OF
1 Erik Christensen Mike Amadio 60 1 2 2
2 Alex Iafallo Austin Czarnik 40 1 2 2
4 vs 4 Defense
Defense Defense Time % Phy DF OF
1 Christopher Tanev Jordan Schmaltz 60 1 2 2
2 Dmitri Orlov Markus Nutivaara 40 1 2 2
Last Minutes Offensive
Center Left Wing Right Wing Defense Defense
Erik Christensen Alex Iafallo Nick Schmaltz Christopher Tanev Jordan Schmaltz
Last Minutes Defensive
Center Left Wing Right Wing Defense Defense
Erik Christensen Alex Iafallo Nick Schmaltz Christopher Tanev Jordan Schmaltz
Goaltenders
Starting : Carter Hart
Backup : Garret Sparks
Extra Forwards
Normal : Trent Frederic, Mike Amadio, Joel Eriksson Ek - PP : Joel Eriksson Ek, Jacob Josefson - PK : Nick Schmaltz
Extra Defensemen
Normal : Charlie McAvoy, Filip Hronek, Logan Stanley - PP : Charlie McAvoy - PK : Filip Hronek, Logan Stanley
Penalty Shots
Erik Christensen, Mike Amadio, Alex Iafallo, Austin Czarnik, Nick Schmaltz
Scratches
Blake Lizotte (Healthy), Bokondji Imama (Healthy), Caleb Jones (Healthy), Joel Vermin (Healthy), Jordan Weal (Healthy)
Matt Roy (Healthy), Michael Ferland (Healthy), Phillip Danault (Healthy), Dan Renouf (Healthy), Cal Petersen (Healthy)
Jordan Binnington (Healthy)
Phantoms
5 vs 5 Forward
Center Left Wing Right Wing Time % Phy DF OF
1 Calle Jarnkrok Michael Bournival Travis Konecny 40 1 2 2
2 Cristoval Nieves Alex DeBrincat Sven Andrighetto 30 1 2 2
3 Lucas Wallmarkk Morgan Klimchuk Nick Sorensen 20 1 2 2
4 David Kampf Erik Nystrom JC Lipon 10 1 2 2
5 vs 5 Defense
Defense Defense Time % Phy DF OF
1 Jake Dotchin Ivan Provorov 40 1 2 2
2 Blake Heinrich Rinat Valiev 30 1 2 2
3 Devon Teows Mikko Lehtonen 20 1 2 2
4 Jake Dotchin Ivan Provorov 10 1 2 2
PowerPlay Forward
Center Left Wing Right Wing Time % Phy DF OF
1 Calle Jarnkrok Michael Bournival Travis Konecny 60 1 2 2
2 Cristoval Nieves Alex DeBrincat Sven Andrighetto 40 1 2 2
PowerPlay Defense
Defense Defense Time % Phy DF OF
1 Jake Dotchin Ivan Provorov 60 1 2 2
2 Blake Heinrich Rinat Valiev 40 1 2 2
Penalty Kill 4 Players Forward
Center Wing Time % Phy DF OF
1 Calle Jarnkrok Michael Bournival 60 1 2 2
2 Travis Konecny Sven Andrighetto 40 1 2 2
Penalty Kill 4 Players Defense
Defense Defense Time % Phy DF OF
1 Jake Dotchin Ivan Provorov 60 1 2 2
2 Blake Heinrich Rinat Valiev 40 1 2 2
Penalty Kill - 3 Players Forward
Forward Time % Phy DF OF
1 Calle Jarnkrok 60 1 2 2
2 Michael Bournival 40 1 2 2
Penalty Kill - 3 Players Defense
Defense Defense Time % Phy DF OF
1 Jake Dotchin Ivan Provorov 60 1 2 2
2 Blake Heinrich Rinat Valiev 40 1 2 2
4 vs 4 Forward
Center Wing Time % Phy DF OF
1 Calle Jarnkrok Michael Bournival 60 1 2 2
2 Travis Konecny Sven Andrighetto 40 1 2 2
4 vs 4 Defense
Defense Defense Time % Phy DF OF
1 Jake Dotchin Ivan Provorov 60 1 2 2
2 Blake Heinrich Rinat Valiev 40 1 2 2
Last Minutes Offensive
Center Left Wing Right Wing Defense Defense
Calle Jarnkrok Michael Bournival Travis Konecny Jake Dotchin Ivan Provorov
Last Minutes Defensive
Center Left Wing Right Wing Defense Defense
Calle Jarnkrok Michael Bournival Travis Konecny Jake Dotchin Ivan Provorov
Goaltenders
Starting : Anton Forsberg
Backup : Zachary Fucale
Extra Forwards
Normal : Morgan Klimchuk, Lucas Wallmarkk, Erik Nystrom - PP : Morgan Klimchuk, Lucas Wallmarkk - PK : Erik Nystrom
Extra Defensemen
Normal : Devon Teows, Mikko Lehtonen, Blake Heinrich - PP : Devon Teows - PK : Mikko Lehtonen, Blake Heinrich
Penalty Shots
Calle Jarnkrok, Michael Bournival, Travis Konecny, Sven Andrighetto, Alex DeBrincat
Scratches
A.J. Greer (Healthy), Anthony Angello (Healthy), Brendan Leipsic (Healthy), Brenden Kichton (Healthy), Cooper Marody (Healthy)
Laurent Dauphin (Healthy), Mark Alt (Healthy), Nick Shore (Healthy), Reid McNeill (Healthy), Brett Murray (Healthy)
Matt Kiersted (Healthy), Riley Stillman (Healthy), Jason Kasdorf (Healthy)
% Time on Ice - Reign
Lines # - Real PCT - Wanted PCT - Time Play
Normal Forward
1 - 30% - 30% - 12:56
2 - 30% - 30% - 12:43
3 - 20% - 20% - 8:23
4 - 20% - 20% - 8:43
Normal Defense
1 - 40% - 40% - 17:11
2 - 29% - 30% - 12:34
3 - 20% - 20% - 8:32
4 - 10% - 10% - 4:28
PP Forward
1 - 62% - 60% - 3:13
2 - 38% - 40% - 1:56
PP Defense
1 - 70% - 60% - 3:37
2 - 30% - 40% - 1:32
PK Forward
1 - 72% - 60% - 8:41
2 - 28% - 40% - 3:25
PK Defense
1 - 56% - 60% - 6:50
2 - 44% - 40% - 5:16
PK3 Forward
1 - 0% - 60%
2 - 0% - 40%
PK3 Defense
1 - 0% - 60%
2 - 0% - 40%
44 Forward
1 - 0% - 60%
2 - 0% - 40%
44 Defense
1 - 0% - 60%
2 - 0% - 40%
Last Minute Offensive - 0:00
Last Minute Defensive - 0:00
Total
Forward - 60:00
Defense - 60:00
|
% Time on Ice - Phantoms
Lines # - Real PCT - Wanted PCT - Time Play
Normal Forward
1 - 37% - 40% - 15:56
2 - 27% - 30% - 11:23
3 - 23% - 20% - 9:49
4 - 13% - 10% - 5:37
Normal Defense
1 - 42% - 40% - 18:06
2 - 31% - 30% - 13:16
3 - 23% - 20% - 9:47
4 - 4% - 10% - 1:36
PP Forward
1 - 55% - 60% - 6:37
2 - 45% - 40% - 5:29
PP Defense
1 - 56% - 60% - 6:47
2 - 44% - 40% - 5:19
PK Forward
1 - 75% - 60% - 3:51
2 - 25% - 40% - 1:18
PK Defense
1 - 67% - 60% - 3:27
2 - 33% - 40% - 1:42
PK3 Forward
1 - 0% - 60%
2 - 0% - 40%
PK3 Defense
1 - 0% - 60%
2 - 0% - 40%
44 Forward
1 - 0% - 60%
2 - 0% - 40%
44 Defense
1 - 0% - 60%
2 - 0% - 40%
Last Minute Offensive - 0:00
Last Minute Defensive - 0:00
Total
Forward - 60:00
Defense - 60:00
|
Play-by-Play
1st period
0:01 of 1st period - Erik Christensen wins face-off versus Calle Jarnkrok in neutral zone.
0:25 of 1st period - Jake Dotchin is hit by Jordan Schmaltz and loses puck.
1:07 of 1st period - Slapshot by Markus Nutivaara.
1:07 of 1st period - Stopped by Anton Forsberg with a rebound.
1:09 of 1st period - Snap shot by Dmitri Orlov.
1:09 of 1st period - Shot Misses the Net.
1:37 of 1st period - Snap shot by Travis Konecny.
1:37 of 1st period - Stopped by Carter Hart with a rebound.
1:46 of 1st period - Off-side.
1:47 of 1st period - Cristoval Nieves wins face-off versus Mike Amadio in neutral zone.
2:14 of 1st period - Filip Hronek is hit by Blake Heinrich and loses puck.
2:23 of 1st period - Snap shot by Mike Amadio.
2:23 of 1st period - Shot Blocked by Blake Heinrich.
2:31 of 1st period - Slapshot by Matthew Tkachuk.
2:31 of 1st period - Shot Misses the Net.
2:33 of 1st period - Snap shot by Mike Amadio.
2:33 of 1st period - Shot Misses the Net.
2:35 of 1st period - Snap shot by Christopher Tanev.
2:35 of 1st period - Shot Blocked by Rinat Valiev.
3:03 of 1st period - Snap shot by Austin Czarnik.
3:03 of 1st period - Stopped by Anton Forsberg without a rebound.
3:04 of 1st period - Calle Jarnkrok wins face-off versus Joel Eriksson Ek in Phantoms zone.
3:06 of 1st period - Minor Penalty to Jake Dotchin for Interference.
3:07 of 1st period - Calle Jarnkrok wins face-off versus Erik Christensen in Phantoms zone.
5:06 of 1st period - Penalty to Jake Dotchin is over, Jake Dotchin is back on ice.
5:26 of 1st period - Morgan Klimchuk is hit by Markus Nutivaara and loses puck.
6:00 of 1st period - Slapshot by David Kampf.
6:00 of 1st period - Goal by David Kampf - Reign : 0 - Phantoms : 1.
6:01 of 1st period - Calle Jarnkrok wins face-off versus Erik Christensen in neutral zone.
6:27 of 1st period - Jordan Schmaltz is hit by Ivan Provorov and loses puck.
6:54 of 1st period - Slapshot by Erik Nystrom.
6:54 of 1st period - Stopped by Carter Hart with a rebound.
6:58 of 1st period - Slapshot by Erik Nystrom.
6:58 of 1st period - Stopped by Carter Hart without a rebound.
6:59 of 1st period - Erik Christensen wins face-off versus Calle Jarnkrok in Reign zone.
7:26 of 1st period - Jordan Schmaltz is hit by Sven Andrighetto and loses puck.
7:31 of 1st period - Wrist shot by Cristoval Nieves.
7:31 of 1st period - Shot Blocked by Alex Iafallo.
7:33 of 1st period - Wrist shot by Blake Heinrich.
7:33 of 1st period - Stopped by Carter Hart with a rebound.
7:35 of 1st period - Snap shot by Sven Andrighetto.
7:35 of 1st period - Goal by Sven Andrighetto - Reign : 0 - Phantoms : 2.
7:36 of 1st period - Calle Jarnkrok wins face-off versus Erik Christensen in neutral zone.
8:10 of 1st period - Snap shot by Jacob Josefson.
8:10 of 1st period - Stopped by Anton Forsberg without a rebound.
8:11 of 1st period - Matthew Tkachuk wins face-off versus Calle Jarnkrok in Phantoms zone.
8:16 of 1st period - Wrist shot by Mike Amadio.
8:16 of 1st period - Stopped by Anton Forsberg without a rebound.
8:17 of 1st period - Mike Amadio wins face-off versus Calle Jarnkrok in Phantoms zone.
8:18 of 1st period - Slapshot by Austin Czarnik.
8:18 of 1st period - Stopped by Anton Forsberg without a rebound.
8:19 of 1st period - Mike Amadio wins face-off versus Calle Jarnkrok in Phantoms zone.
8:20 of 1st period - Wrist shot by Austin Czarnik.
8:20 of 1st period - Stopped by Anton Forsberg with a rebound.
8:22 of 1st period - Wrist shot by Matthew Tkachuk.
8:22 of 1st period - Stopped by Anton Forsberg without a rebound.
8:23 of 1st period - Erik Christensen wins face-off versus Michael Bournival in Phantoms zone.
8:30 of 1st period - Nick Schmaltz is hit by Ivan Provorov and loses puck.
8:39 of 1st period - Snap shot by Michael Bournival.
8:39 of 1st period - Stopped by Carter Hart with a rebound.
8:55 of 1st period - Snap shot by Matthew Tkachuk.
8:55 of 1st period - Stopped by Anton Forsberg with a rebound.
8:57 of 1st period - Slapshot by Markus Nutivaara.
8:57 of 1st period - Stopped by Anton Forsberg with a rebound.
8:59 of 1st period - Slapshot by Matthew Tkachuk.
8:59 of 1st period - Shot Blocked by Jake Dotchin.
9:01 of 1st period - Wrist shot by Mike Amadio.
9:01 of 1st period - Stopped by Anton Forsberg without a rebound.
9:02 of 1st period - Lucas Wallmarkk wins face-off versus Joel Eriksson Ek in Phantoms zone.
9:04 of 1st period - Minor Penalty to Morgan Klimchuk for Holding.
9:05 of 1st period - Erik Christensen wins face-off versus Calle Jarnkrok in Phantoms zone.
9:07 of 1st period - Slapshot by Nick Schmaltz.
9:07 of 1st period - Goal by Nick Schmaltz - Reign : 1 - Phantoms : 2.
9:08 of 1st period - Calle Jarnkrok wins face-off versus Erik Christensen in neutral zone.
9:13 of 1st period - Slapshot by Travis Konecny.
9:13 of 1st period - Shot Misses the Net.
9:15 of 1st period - Slapshot by Calle Jarnkrok.
9:15 of 1st period - Shot Misses the Net.
9:23 of 1st period - Wrist shot by Travis Konecny.
9:23 of 1st period - Goal by Travis Konecny - Reign : 1 - Phantoms : 3.
9:24 of 1st period - Joel Eriksson Ek wins face-off versus Calle Jarnkrok in neutral zone.
9:35 of 1st period - Off-side.
9:36 of 1st period - Calle Jarnkrok wins face-off versus Jacob Josefson in neutral zone.
9:40 of 1st period - Minor Penalty to Logan Stanley for Diving.
9:41 of 1st period - Calle Jarnkrok wins face-off versus Mike Amadio in Reign zone.
9:46 of 1st period - Snap shot by Calle Jarnkrok.
9:46 of 1st period - Stopped by Carter Hart with a rebound.
9:48 of 1st period - Wrist shot by Travis Konecny.
9:48 of 1st period - Shot Misses the Net.
9:50 of 1st period - Snap shot by Calle Jarnkrok.
9:50 of 1st period - Shot Blocked by Christopher Tanev.
9:52 of 1st period - Wrist shot by Travis Konecny.
9:52 of 1st period - Goal by Travis Konecny - Reign : 1 - Phantoms : 4.
9:52 of 1st period - Garret Sparks enters game.
9:53 of 1st period - Mike Amadio wins face-off versus Cristoval Nieves in neutral zone.
10:23 of 1st period - Slapshot by Travis Konecny.
10:23 of 1st period - Deflect By Michael Bournival.
10:23 of 1st period - Shot Misses the Net.
10:23 of 1st period - Puck is out of play.
10:24 of 1st period - Calle Jarnkrok wins face-off versus Jacob Josefson in Reign zone.
10:25 of 1st period - Snap shot by Travis Konecny.
10:25 of 1st period - Shot Blocked by Filip Hronek.
10:47 of 1st period - Ivan Provorov is hit by Jacob Josefson and loses puck.
10:54 of 1st period - Wrist shot by Alex Iafallo.
10:54 of 1st period - Stopped by Anton Forsberg with a rebound.
11:04 of 1st period - Wrist shot by Jordan Kyrou.
11:04 of 1st period - Shot Misses the Net.
11:06 of 1st period - Slapshot by Markus Nutivaara.
11:06 of 1st period - Shot Misses the Net.
11:16 of 1st period - Slapshot by Jacob Josefson.
11:16 of 1st period - Stopped by Anton Forsberg with a rebound.
12:42 of 1st period - Slapshot by Calle Jarnkrok.
12:42 of 1st period - Stopped by Garret Sparks with a rebound.
12:55 of 1st period - Wrist shot by Alex Iafallo.
12:55 of 1st period - Shot Misses the Net.
12:57 of 1st period - Wrist shot by Jordan Kyrou.
12:57 of 1st period - Shot Blocked by Jake Dotchin.
12:59 of 1st period - Snap shot by Jordan Kyrou.
12:59 of 1st period - Shot Misses the Net.
13:22 of 1st period - Wrist shot by Jacob Josefson.
13:22 of 1st period - Stopped by Anton Forsberg without a rebound.
13:23 of 1st period - Erik Christensen wins face-off versus Cristoval Nieves in Phantoms zone.
13:32 of 1st period - Snap shot by Nick Schmaltz.
13:32 of 1st period - Shot Misses the Net.
14:42 of 1st period - Jordan Schmaltz is hit by Morgan Klimchuk.
14:56 of 1st period - Wrist shot by Mike Amadio.
14:56 of 1st period - Shot Misses the Net.
15:06 of 1st period - Markus Nutivaara is hit by Sven Andrighetto and loses puck.
18:08 of 1st period - Matthew Tkachuk is hit by Morgan Klimchuk.
Goals for this period are 1 for Reign vs 4 for Phantoms.
Shots for this period are 14 for Reign vs 11 for Phantoms.
2nd period
0:01 of 2nd period - Erik Christensen wins face-off versus Calle Jarnkrok in neutral zone.
0:32 of 2nd period - Wrist shot by Mike Amadio.
0:32 of 2nd period - Shot Misses the Net.
0:34 of 2nd period - Snap shot by Mike Amadio.
0:34 of 2nd period - Shot Blocked by Ivan Provorov.
0:45 of 2nd period - Off-side.
0:46 of 2nd period - Lucas Wallmarkk wins face-off versus Joel Eriksson Ek in neutral zone.
0:49 of 2nd period - Slapshot by Morgan Klimchuk.
0:49 of 2nd period - Shot Misses the Net.
0:51 of 2nd period - Slapshot by Morgan Klimchuk.
0:51 of 2nd period - Shot Misses the Net.
0:53 of 2nd period - Wrist shot by Lucas Wallmarkk.
0:53 of 2nd period - Shot Blocked by Jordan Schmaltz.
1:11 of 2nd period - Christopher Tanev is hit by Travis Konecny and loses puck.
1:38 of 2nd period - Snap shot by Austin Czarnik.
1:38 of 2nd period - Stopped by Anton Forsberg without a rebound.
1:39 of 2nd period - Cristoval Nieves wins face-off versus Mike Amadio in Phantoms zone.
1:52 of 2nd period - Slapshot by Jake Dotchin.
1:52 of 2nd period - Deflect By Dmitri Orlov.
1:52 of 2nd period - Stopped by Garret Sparks with a rebound.
1:54 of 2nd period - Slapshot by Ivan Provorov.
1:54 of 2nd period - Shot Blocked by Markus Nutivaara.
2:06 of 2nd period - Ivan Provorov is hit by Markus Nutivaara and loses puck.
2:26 of 2nd period - Icing by Calle Jarnkrok.
2:27 of 2nd period - Joel Eriksson Ek wins face-off versus Calle Jarnkrok in Phantoms zone.
2:34 of 2nd period - Snap shot by Austin Czarnik.
2:34 of 2nd period - Goal by Austin Czarnik - Reign : 2 - Phantoms : 4.
2:35 of 2nd period - Erik Christensen wins face-off versus Calle Jarnkrok in neutral zone.
2:48 of 2nd period - Wrist shot by Calle Jarnkrok.
2:48 of 2nd period - Shot Misses the Net.
2:50 of 2nd period - Wrist shot by Blake Heinrich.
2:50 of 2nd period - Shot Blocked by Christopher Tanev.
2:52 of 2nd period - Snap shot by Calle Jarnkrok.
2:52 of 2nd period - Stopped by Garret Sparks with a rebound.
2:58 of 2nd period - Minor Penalty to Nick Schmaltz for High sticking.
2:59 of 2nd period - Mike Amadio wins face-off versus Calle Jarnkrok in Reign zone.
3:12 of 2nd period - Mike Amadio is hit by Calle Jarnkrok and loses puck.
3:31 of 2nd period - Snap shot by Cristoval Nieves.
3:31 of 2nd period - Shot Misses the Net.
3:33 of 2nd period - Slapshot by Jake Dotchin.
3:33 of 2nd period - Shot Misses the Net.
3:35 of 2nd period - Wrist shot by Sven Andrighetto.
3:35 of 2nd period - Shot Blocked by Mike Amadio.
4:58 of 2nd period - Penalty to Nick Schmaltz is over, Nick Schmaltz is back on ice.
5:16 of 2nd period - Wrist shot by Joachim Blichfeld.
5:16 of 2nd period - Stopped by Anton Forsberg with a rebound.
5:18 of 2nd period - Slapshot by Joachim Blichfeld.
5:18 of 2nd period - Stopped by Anton Forsberg with a rebound.
6:34 of 2nd period - Minor Penalty to Rinat Valiev for High sticking.
6:35 of 2nd period - Erik Christensen wins face-off versus Calle Jarnkrok in Phantoms zone.
8:34 of 2nd period - Penalty to Rinat Valiev is over, Rinat Valiev is back on ice.
8:35 of 2nd period - Alex Iafallo is hit by Blake Heinrich and loses puck.
8:42 of 2nd period - Snap shot by Travis Konecny.
8:42 of 2nd period - Deflect By Rinat Valiev.
8:42 of 2nd period - Shot Blocked by Jordan Kyrou.
8:42 of 2nd period - Puck is out of play.
8:43 of 2nd period - Joel Eriksson Ek wins face-off versus Lucas Wallmarkk in Reign zone.
8:43 of 2nd period - Joel Eriksson Ek is hit by Morgan Klimchuk.
8:58 of 2nd period - Off-side.
8:59 of 2nd period - Calle Jarnkrok wins face-off versus Joel Eriksson Ek in neutral zone.
9:12 of 2nd period - Off-side.
9:13 of 2nd period - Sven Andrighetto wins face-off versus Mike Amadio in neutral zone.
9:26 of 2nd period - Slapshot by Alex DeBrincat.
9:26 of 2nd period - Deflect By Cristoval Nieves.
9:26 of 2nd period - Stopped by Garret Sparks without a rebound.
9:27 of 2nd period - Calle Jarnkrok wins face-off versus Erik Christensen in Reign zone.
9:28 of 2nd period - Snap shot by Travis Konecny.
9:28 of 2nd period - Deflect By Michael Bournival.
9:28 of 2nd period - Stopped by Garret Sparks without a rebound.
9:29 of 2nd period - Calle Jarnkrok wins face-off versus Erik Christensen in Reign zone.
9:30 of 2nd period - Snap shot by Travis Konecny.
9:30 of 2nd period - Stopped by Garret Sparks with a rebound.
9:32 of 2nd period - Slapshot by Jake Dotchin.
9:32 of 2nd period - Deflect By Travis Konecny.
9:32 of 2nd period - Goal by Travis Konecny - Reign : 2 - Phantoms : 5.
9:33 of 2nd period - Erik Christensen wins face-off versus Calle Jarnkrok in neutral zone.
9:36 of 2nd period - Slapshot by Christopher Tanev.
9:36 of 2nd period - Stopped by Anton Forsberg without a rebound.
9:37 of 2nd period - Erik Christensen wins face-off versus Michael Bournival in Phantoms zone.
10:28 of 2nd period - Wrist shot by Nick Schmaltz.
10:28 of 2nd period - Shot Misses the Net.
10:30 of 2nd period - Slapshot by Christopher Tanev.
10:30 of 2nd period - Stopped by Anton Forsberg with a rebound.
10:51 of 2nd period - Minor Penalty to Erik Christensen for Tripping.
10:52 of 2nd period - Calle Jarnkrok wins face-off versus Mike Amadio in Reign zone.
11:04 of 2nd period - Snap shot by Travis Konecny.
11:04 of 2nd period - Stopped by Garret Sparks with a rebound.
11:22 of 2nd period - Snap shot by Sven Andrighetto.
11:22 of 2nd period - Deflect By Cristoval Nieves.
11:22 of 2nd period - Shot Misses the Net.
11:22 of 2nd period - Puck is out of play.
11:23 of 2nd period - Joel Eriksson Ek wins face-off versus Cristoval Nieves in Reign zone.
11:32 of 2nd period - Snap shot by Alex DeBrincat.
11:32 of 2nd period - Stopped by Garret Sparks with a rebound.
12:07 of 2nd period - Snap shot by Michael Bournival.
12:07 of 2nd period - Shot Blocked by Alex Iafallo.
12:34 of 2nd period - Wrist shot by Calle Jarnkrok.
12:34 of 2nd period - Shot Misses the Net.
12:51 of 2nd period - Penalty to Erik Christensen is over, Erik Christensen is back on ice.
13:02 of 2nd period - Blake Heinrich is hit by Joel Eriksson Ek.
13:12 of 2nd period - Minor Penalty to Joel Eriksson Ek for Boarding.
13:13 of 2nd period - Mike Amadio wins face-off versus Cristoval Nieves in Reign zone.
13:43 of 2nd period - Wrist shot by Alex Iafallo.
13:43 of 2nd period - Shot Misses the Net.
14:21 of 2nd period - Christopher Tanev is hit by Alex DeBrincat and loses puck.
15:12 of 2nd period - Penalty to Joel Eriksson Ek is over, Joel Eriksson Ek is back on ice.
15:23 of 2nd period - Snap shot by Joel Eriksson Ek.
15:23 of 2nd period - Stopped by Anton Forsberg with a rebound.
15:29 of 2nd period - Erik Christensen is hit by Lucas Wallmarkk and loses puck.
16:29 of 2nd period - Icing by Travis Konecny.
16:30 of 2nd period - Erik Christensen wins face-off versus Michael Bournival in Phantoms zone.
16:41 of 2nd period - Wrist shot by Nick Schmaltz.
16:41 of 2nd period - Stopped by Anton Forsberg with a rebound.
17:01 of 2nd period - Off-side.
17:02 of 2nd period - Cristoval Nieves wins face-off versus Jacob Josefson in neutral zone.
17:07 of 2nd period - Markus Nutivaara is hit by Blake Heinrich and loses puck.
17:28 of 2nd period - Mike Amadio is hit by Morgan Klimchuk and loses puck.
17:33 of 2nd period - Snap shot by Morgan Klimchuk.
17:33 of 2nd period - Shot Hit the Post.
17:35 of 2nd period - Snap shot by Nick Sorensen.
17:35 of 2nd period - Stopped by Garret Sparks without a rebound.
17:36 of 2nd period - Calle Jarnkrok wins face-off versus Erik Christensen in Reign zone.
17:41 of 2nd period - Wrist shot by Travis Konecny.
17:41 of 2nd period - Stopped by Garret Sparks with a rebound.
17:43 of 2nd period - Minor Penalty to Jordan Schmaltz for High sticking.
17:44 of 2nd period - Calle Jarnkrok wins face-off versus Mike Amadio in Reign zone.
19:43 of 2nd period - Penalty to Jordan Schmaltz is over, Jordan Schmaltz is back on ice.
19:48 of 2nd period - Filip Hronek is hit by Rinat Valiev and loses puck.
Goals for this period are 1 for Reign vs 1 for Phantoms.
Shots for this period are 8 for Reign vs 10 for Phantoms.
3rd period
0:01 of 3rd period - Calle Jarnkrok wins face-off versus Mike Amadio in neutral zone.
0:10 of 3rd period - Wrist shot by Calle Jarnkrok.
0:10 of 3rd period - Shot Misses the Net.
0:12 of 3rd period - Snap shot by Travis Konecny.
0:12 of 3rd period - Shot Blocked by Jordan Schmaltz.
0:54 of 3rd period - Snap shot by Joel Eriksson Ek.
0:54 of 3rd period - Stopped by Anton Forsberg without a rebound.
0:55 of 3rd period - Calle Jarnkrok wins face-off versus Joel Eriksson Ek in Phantoms zone.
0:57 of 3rd period - Minor Penalty to Calle Jarnkrok for Hooking.
0:58 of 3rd period - Erik Nystrom wins face-off versus Erik Christensen in Phantoms zone.
1:14 of 3rd period - Backhand shot by Markus Nutivaara.
1:14 of 3rd period - Stopped by Anton Forsberg without a rebound.
1:15 of 3rd period - Erik Nystrom wins face-off versus Mike Amadio in Phantoms zone.
1:20 of 3rd period - Snap shot by Erik Nystrom.
1:20 of 3rd period - Goal by Erik Nystrom - Reign : 2 - Phantoms : 6.
1:21 of 3rd period - Erik Christensen wins face-off versus Erik Nystrom in neutral zone.
1:28 of 3rd period - Slapshot by Markus Nutivaara.
1:28 of 3rd period - Deflect By Michael Bournival.
1:28 of 3rd period - Stopped by Anton Forsberg with a rebound.
1:30 of 3rd period - Slapshot by Markus Nutivaara.
1:30 of 3rd period - Stopped by Anton Forsberg with a rebound.
1:32 of 3rd period - Wrist shot by Nick Schmaltz.
1:32 of 3rd period - Stopped by Anton Forsberg with a rebound.
1:34 of 3rd period - Wrist shot by Nick Schmaltz.
1:34 of 3rd period - Goal by Nick Schmaltz - Reign : 3 - Phantoms : 6.
1:35 of 3rd period - Calle Jarnkrok wins face-off versus Mike Amadio in neutral zone.
1:38 of 3rd period - Backhand shot by Jake Dotchin.
1:38 of 3rd period - Stopped by Garret Sparks with a rebound.
2:04 of 3rd period - Icing by Kyle Connor.
2:05 of 3rd period - Cristoval Nieves wins face-off versus Erik Christensen in Reign zone.
2:06 of 3rd period - Wrist shot by Alex DeBrincat.
2:06 of 3rd period - Stopped by Garret Sparks without a rebound.
2:07 of 3rd period - Mike Amadio wins face-off versus Cristoval Nieves in Reign zone.
2:12 of 3rd period - Slapshot by Markus Nutivaara.
2:12 of 3rd period - Shot Misses the Net.
2:17 of 3rd period - Blake Heinrich is hit by Austin Czarnik.
2:29 of 3rd period - Snap shot by Cristoval Nieves.
2:29 of 3rd period - Stopped by Garret Sparks without a rebound.
2:30 of 3rd period - Erik Christensen wins face-off versus Calle Jarnkrok in Reign zone.
2:39 of 3rd period - Wrist shot by Nick Schmaltz.
2:39 of 3rd period - Shot Misses the Net.
2:41 of 3rd period - Slapshot by Jordan Schmaltz.
2:41 of 3rd period - Stopped by Anton Forsberg with a rebound.
2:43 of 3rd period - Slapshot by Jordan Schmaltz.
2:43 of 3rd period - Shot Misses the Net.
3:05 of 3rd period - Slapshot by Markus Nutivaara.
3:05 of 3rd period - Shot Misses the Net.
3:07 of 3rd period - Snap shot by Josh Anderson.
3:07 of 3rd period - Shot Blocked by Calle Jarnkrok.
3:30 of 3rd period - Slapshot by Dmitri Orlov.
3:30 of 3rd period - Deflect By Jordan Kyrou.
3:30 of 3rd period - Goal by Jordan Kyrou - Reign : 4 - Phantoms : 6.
3:31 of 3rd period - Mike Amadio wins face-off versus Cristoval Nieves in neutral zone.
4:03 of 3rd period - Snap shot by Morgan Klimchuk.
4:03 of 3rd period - Shot Blocked by Nick Schmaltz.
4:05 of 3rd period - Snap shot by Lucas Wallmarkk.
4:05 of 3rd period - Shot Blocked by Dmitri Orlov.
4:23 of 3rd period - Wrist shot by David Kampf.
4:23 of 3rd period - Stopped by Garret Sparks with a rebound.
4:56 of 3rd period - Icing by Charlie McAvoy.
4:57 of 3rd period - Lucas Wallmarkk wins face-off versus Mike Amadio in Reign zone.
5:32 of 3rd period - Wrist shot by Travis Konecny.
5:32 of 3rd period - Stopped by Garret Sparks without a rebound.
5:33 of 3rd period - Cristoval Nieves wins face-off versus Joel Eriksson Ek in Reign zone.
6:00 of 3rd period - Jordan Schmaltz is hit by Travis Konecny and loses puck.
6:27 of 3rd period - Backhand shot by Nick Schmaltz.
6:27 of 3rd period - Shot Misses the Net.
6:29 of 3rd period - Snap shot by Nick Schmaltz.
6:29 of 3rd period - Stopped by Anton Forsberg with a rebound.
6:46 of 3rd period - Alex Iafallo is hit by JC Lipon and loses puck.
8:19 of 3rd period - Jake Dotchin is hit by Josh Anderson and loses puck.
8:28 of 3rd period - Josh Anderson is hit by David Kampf and loses puck.
8:47 of 3rd period - Wrist shot by Joachim Blichfeld.
8:47 of 3rd period - Stopped by Anton Forsberg without a rebound.
8:48 of 3rd period - Calle Jarnkrok wins face-off versus Mike Amadio in Phantoms zone.
8:55 of 3rd period - Slapshot by Austin Czarnik.
8:55 of 3rd period - Shot Misses the Net.
8:57 of 3rd period - Slapshot by Jordan Schmaltz.
8:57 of 3rd period - Shot Misses the Net.
8:59 of 3rd period - Wrist shot by Mike Amadio.
8:59 of 3rd period - Shot Misses the Net.
9:01 of 3rd period - Wrist shot by Mike Amadio.
9:01 of 3rd period - Stopped by Anton Forsberg without a rebound.
9:02 of 3rd period - Cristoval Nieves wins face-off versus Nick Schmaltz in Phantoms zone.
9:02 of 3rd period - Cristoval Nieves is hit by Jordan Schmaltz.
9:38 of 3rd period - Wrist shot by Matthew Tkachuk.
9:38 of 3rd period - Shot Blocked by Michael Bournival.
9:40 of 3rd period - Wrist shot by Austin Czarnik.
9:40 of 3rd period - Stopped by Anton Forsberg without a rebound.
9:41 of 3rd period - Jacob Josefson wins face-off versus Cristoval Nieves in Phantoms zone.
10:17 of 3rd period - Slapshot by Lucas Wallmarkk.
10:17 of 3rd period - Stopped by Garret Sparks with a rebound.
10:19 of 3rd period - Snap shot by Lucas Wallmarkk.
10:19 of 3rd period - Stopped by Garret Sparks without a rebound.
10:20 of 3rd period - Calle Jarnkrok wins face-off versus Mike Amadio in Reign zone.
10:27 of 3rd period - Slapshot by Calle Jarnkrok.
10:27 of 3rd period - Shot Misses the Net.
10:29 of 3rd period - Snap shot by Michael Bournival.
10:29 of 3rd period - Stopped by Garret Sparks with a rebound.
10:47 of 3rd period - Alex DeBrincat is hit by Christopher Tanev and loses puck.
11:09 of 3rd period - Minor Penalty to Joel Eriksson Ek for Tripping.
11:10 of 3rd period - Calle Jarnkrok wins face-off versus Mike Amadio in Reign zone.
11:23 of 3rd period - Wrist shot by Mike Amadio.
11:23 of 3rd period - Stopped by Anton Forsberg with a rebound.
11:50 of 3rd period - Slapshot by Alex DeBrincat.
11:50 of 3rd period - Shot Misses the Net.
13:09 of 3rd period - Penalty to Joel Eriksson Ek is over, Joel Eriksson Ek is back on ice.
13:10 of 3rd period - Joel Eriksson Ek is hit by Michael Bournival and loses puck.
13:22 of 3rd period - Minor Penalty to Joachim Blichfeld for Hooking.
13:23 of 3rd period - Cristoval Nieves wins face-off versus Trent Frederic in Reign zone.
13:34 of 3rd period - Icing by Cristoval Nieves.
13:35 of 3rd period - Joel Eriksson Ek wins face-off versus Sven Andrighetto in Phantoms zone.
13:38 of 3rd period - Snap shot by Alex Iafallo.
13:38 of 3rd period - Shot Hit the Post.
15:22 of 3rd period - Penalty to Joachim Blichfeld is over, Joachim Blichfeld is back on ice.
16:02 of 3rd period - Snap shot by Joachim Blichfeld.
16:02 of 3rd period - Shot Blocked by David Kampf.
16:04 of 3rd period - Slapshot by Charlie McAvoy.
16:04 of 3rd period - Shot Misses the Net.
16:41 of 3rd period - Wrist shot by Morgan Klimchuk.
16:41 of 3rd period - Shot Blocked by Markus Nutivaara.
16:43 of 3rd period - Slapshot by Blake Heinrich.
16:43 of 3rd period - Shot Blocked by Matthew Tkachuk.
16:45 of 3rd period - Snap shot by Morgan Klimchuk.
16:45 of 3rd period - Goal by Morgan Klimchuk - Reign : 4 - Phantoms : 7.
16:46 of 3rd period - Calle Jarnkrok wins face-off versus Mike Amadio in neutral zone.
16:55 of 3rd period - Wrist shot by Calle Jarnkrok.
16:55 of 3rd period - Goal by Calle Jarnkrok - Reign : 4 - Phantoms : 8.
16:56 of 3rd period - Mike Amadio wins face-off versus Calle Jarnkrok in neutral zone.
17:36 of 3rd period - Icing by Kyle Connor.
17:37 of 3rd period - Erik Christensen wins face-off versus Calle Jarnkrok in Reign zone.
17:37 of 3rd period - Erik Christensen is hit by Travis Konecny.
17:45 of 3rd period - Slapshot by Michael Bournival.
17:45 of 3rd period - Shot Misses the Net.
17:49 of 3rd period - Wrist shot by Travis Konecny.
17:49 of 3rd period - Shot Blocked by Kyle Connor.
18:36 of 3rd period - Markus Nutivaara is hit by Blake Heinrich and loses puck.
18:55 of 3rd period - Wrist shot by Josh Anderson.
18:55 of 3rd period - Stopped by Anton Forsberg without a rebound.
18:56 of 3rd period - Joel Eriksson Ek wins face-off versus Calle Jarnkrok in Phantoms zone.
19:01 of 3rd period - Wrist shot by Joachim Blichfeld.
19:01 of 3rd period - Shot Blocked by Jake Dotchin.
19:05 of 3rd period - Wrist shot by Joachim Blichfeld.
19:05 of 3rd period - Shot Blocked by Travis Konecny.
19:07 of 3rd period - Snap shot by Josh Anderson.
19:07 of 3rd period - Shot Blocked by Jake Dotchin.
19:09 of 3rd period - Slapshot by Charlie McAvoy.
19:09 of 3rd period - Stopped by Anton Forsberg with a rebound.
19:11 of 3rd period - Wrist shot by Joel Eriksson Ek.
19:11 of 3rd period - Stopped by Anton Forsberg with a rebound.
19:28 of 3rd period - Minor Penalty to Sven Andrighetto for Cross-checking.
19:29 of 3rd period - Erik Christensen wins face-off versus Calle Jarnkrok in Phantoms zone.
19:47 of 3rd period - Icing by Markus Nutivaara.
19:48 of 3rd period - Erik Christensen wins face-off versus Calle Jarnkrok in Reign zone.
19:54 of 3rd period - Slapshot by Alex Iafallo.
19:54 of 3rd period - Deflect By Michael Bournival.
19:54 of 3rd period - Stopped by Anton Forsberg with a rebound.
Goals for this period are 2 for Reign vs 3 for Phantoms.
Shots for this period are 17 for Reign vs 11 for Phantoms.